[ AOE2 MATCH · #507152532 ]
UnrankedMongols vs Bengalis
Player's team · LOSS
Rival team · WIN
[ REPLAY ANALYSIS · EXTRACTED FROM THE RECORDED GAME ]
Feudal
8:05
Castle
21:47
Imperial
—
| APM avg | 61.5 |
| APM peak | 99 |
| eAPM avg | 20.8 |
| Villagers / military | 45 / 16 |
Focus
⚔️ 23.5% · 🌾 76.5%
Cavalry Archer ×8 · Scout Cavalry ×5 · Mangonel ×2 · Camel Scout ×1
Feudal
10:54
Castle
15:38
Imperial
—
| APM avg | 37.2 |
| APM peak | 109 |
| eAPM avg | 19.1 |
| Villagers / military | 34 / 21 |
Focus
⚔️ 33.0% · 🌾 67.0%
Spearman ×8 · Monk ×7 · Mangonel ×4 · Armored Elephant ×2
Match map
Initial resources + every placement click. Lines = walls · curves = elevation contours. ◆ gold · ⬟ stone · ● berries · ✦ relic · ◌ wall gap
Your base· Open — unwalled flank
Shoskid's base· Open — 8t gap
Smoothed initial terrain · ◌ = detected wall gap · hover for details
Inputs per minute
— El_Ti_Rex - - Shoskid
Build order — El_Ti_Rex
123 actions detected in the replay
| 0:01 | Create | Villager (Male) |
| 0:02 | Build | House |
| 0:03 | Build | House |
| 0:19 | Create | Villager (Male) |
| 0:19 | Create | Villager (Male) |
| 0:54 | Create | Villager (Male) |
| 1:34 | Create | Villager (Male) |
| 1:35 | Create | Villager (Male) |
| 1:47 | Build | Mill |
| 1:58 | Create | Villager (Male) |
| 2:27 | Create | Villager (Male) |
| 2:27 | Create | Villager (Male) |
| 2:52 | Create | Villager (Male) |
| 3:07 | Create | Villager (Male) |
| 3:50 | Build | House |
| 3:54 | Build | House |
| 4:02 | Create | Villager (Male) |
| 4:19 | Build | Lumber Camp |
| 4:28 | Create | Villager (Male) |
| 4:54 | Create | Villager (Male) |
| 5:21 | Create | Villager (Male) |
| 5:55 | Research | Feudal Age |
| 6:23 | Build | House |
| 6:31 | Research | Loom |
| 6:57 | Build | Barracks |
| 8:05 | Age | Feudal Age |
| 8:08 | Build | Stable |
| 8:13 | Research | Double-Bit Axe |
| 8:25 | Create | Villager (Male) |
| 8:35 | Build | House |
| 8:40 | Create | Villager (Male) |
| 8:47 | Create | Scout Cavalry |
| 8:47 | Create | Scout Cavalry |
| 9:02 | Build | Mill |
| 9:16 | Create | Villager (Male) |
| 9:16 | Create | Scout Cavalry |
| 9:20 | Build | House |
| 9:21 | Build | Palisade Wall |
| 9:41 | Create | Villager (Male) |
| 9:55 | Build | Farm |
| 9:57 | Build | Farm |
| 10:00 | Create | Villager (Male) |
| 10:24 | Create | Villager (Male) |
| 10:33 | Build | Mining Camp |
| 10:43 | Create | Villager (Male) |
| 11:05 | Build | Watch Tower |
| 11:15 | Create | Villager (Male) |
| 11:33 | Create | Villager (Male) |
| 11:42 | Build | Blacksmith |
| 12:09 | Create | Villager (Male) |
| 12:11 | Build | Farm |
| 12:27 | Create | Villager (Male) |
| 12:47 | Build | House |
| 12:47 | Build | House |
| 12:51 | Build | Farm |
| 12:54 | Build | Farm |
| 13:00 | Build | Watch Tower |
| 13:02 | Create | Villager (Male) |
| 13:04 | Research | Fletching |
| 13:26 | Create | Villager (Male) |
| 13:32 | Build | Watch Tower |
| 13:36 | Create | Villager (Male) |
| 13:37 | Build | Farm |
| 13:39 | Build | Farm |
| 13:40 | Build | Farm |
| 14:11 | Create | Villager (Male) |
| 14:36 | Create | Villager (Male) |
| 14:37 | Create | Scout Cavalry |
| 14:54 | Create | Scout Cavalry |
| 15:06 | Create | Villager (Male) |
| 15:08 | Build | Farm |
| 15:09 | Build | Farm |
| 15:12 | Build | Farm |
| 15:19 | Create | Villager (Male) |
| 15:36 | Build | Watch Tower |
| 15:46 | Create | Villager (Male) |
| 15:47 | Build | Farm |
| 15:48 | Build | Farm |
| 16:03 | Create | Villager (Male) |
| 16:08 | Build | Mining Camp |
| 16:29 | Research | Wheelbarrow |
| 16:34 | Build | Farm |
| 17:24 | Build | Blacksmith |
| 17:43 | Build | Market |
| 17:54 | Build | Watch Tower |
| 18:20 | Create | Villager (Male) |
| 18:29 | Build | Farm |
| 18:46 | Build | Farm |
| 19:07 | Research | Castle Age |
| 19:23 | Build | House |
| 20:16 | Build | Archery Range |
| 20:30 | Research | Bloodlines |
| 20:35 | Build | House |
| 20:42 | Build | Archery Range |
| 21:09 | Build | Mining Camp |
| 21:30 | Create | Villager (Male) |
| 21:32 | Create | Villager (Male) |
| 21:43 | Create | Villager (Male) |
| 21:47 | Age | Castle Age |
| 21:50 | Create | Camel Scout |
| 22:03 | Create | Cavalry Archer |
| 22:03 | Create | Cavalry Archer |
| 22:07 | Build | Siege Workshop |
| 22:22 | Create | Villager (Male) |
| 22:49 | Create | Villager (Male) |
| 22:53 | Create | Mangonel |
| 23:02 | Create | Cavalry Archer |
| 23:02 | Create | Cavalry Archer |
| 23:18 | Create | Cavalry Archer |
| 23:18 | Create | Cavalry Archer |
| 23:36 | Create | Villager (Male) |
| 23:37 | Research | Bodkin Arrow |
| 23:52 | Create | Cavalry Archer |
| 23:52 | Create | Cavalry Archer |
| 24:07 | Create | Villager (Male) |
| 24:13 | Build | Town Center |
| 24:23 | Build | House |
| 24:31 | Create | Villager (Male) |
| 24:33 | Build | House |
| 24:34 | Build | House |
| 24:53 | Create | Villager (Male) |
| 25:03 | Create | Mangonel |
| 25:04 | Build | House |
Build order — Shoskid
107 actions detected in the replay
| 0:00 | Create | Villager (Male) |
| 0:00 | Create | Villager (Male) |
| 0:01 | Create | Villager (Male) |
| 0:01 | Create | Villager (Male) |
| 0:01 | Create | Villager (Male) |
| 0:02 | Build | House |
| 0:03 | Build | House |
| 1:14 | Create | Villager (Male) |
| 1:14 | Create | Villager (Male) |
| 2:03 | Create | Villager (Male) |
| 2:03 | Create | Villager (Male) |
| 2:22 | Create | Villager (Male) |
| 2:22 | Create | Villager (Male) |
| 2:28 | Build | Lumber Camp |
| 2:45 | Create | Villager (Male) |
| 2:45 | Create | Villager (Male) |
| 2:56 | Create | Villager (Male) |
| 2:56 | Create | Villager (Male) |
| 3:13 | Create | Villager (Male) |
| 3:13 | Create | Villager (Male) |
| 3:34 | Create | Villager (Male) |
| 3:34 | Create | Villager (Male) |
| 4:21 | Build | House |
| 4:34 | Build | Mill |
| 4:39 | Research | Loom |
| 5:05 | Create | Villager (Male) |
| 5:05 | Create | Villager (Male) |
| 5:47 | Create | Villager (Male) |
| 5:47 | Create | Villager (Male) |
| 5:47 | Create | Villager (Male) |
| 6:09 | Build | Mill |
| 6:11 | Create | Villager (Male) |
| 6:20 | Build | House |
| 6:23 | Build | Palisade Wall |
| 6:26 | Create | Villager (Male) |
| 6:56 | Build | Palisade Wall |
| 7:04 | Create | Villager (Male) |
| 7:15 | Build | Palisade Wall |
| 7:25 | Build | Palisade Wall |
| 7:27 | Build | Palisade Wall |
| 7:28 | Build | Palisade Wall |
| 7:28 | Build | Palisade Wall |
| 7:29 | Build | Palisade Wall |
| 7:31 | Build | Palisade Wall |
| 7:32 | Build | Palisade Wall |
| 7:33 | Build | Palisade Wall |
| 7:34 | Build | Palisade Wall |
| 7:47 | Create | Villager (Male) |
| 8:07 | Build | Mining Camp |
| 8:11 | Build | Palisade Wall |
| 8:20 | Build | Palisade Wall |
| 8:44 | Research | Feudal Age |
| 10:38 | Build | Palisade Wall |
| 10:54 | Age | Feudal Age |
| 11:00 | Build | Market |
| 11:32 | Build | Barracks |
| 11:42 | Build | House |
| 11:45 | Build | Palisade Wall |
| 12:17 | Build | Blacksmith |
| 12:45 | Build | Watch Tower |
| 12:58 | Research | Castle Age |
| 13:36 | Create | Spearman |
| 13:37 | Create | Spearman |
| 15:10 | Create | Villager (Male) |
| 15:24 | Create | Villager (Male) |
| 15:38 | Age | Castle Age |
| 15:48 | Build | Siege Workshop |
| 15:52 | Create | Spearman |
| 15:53 | Create | Spearman |
| 16:10 | Build | Palisade Wall |
| 16:12 | Build | Palisade Wall |
| 16:20 | Build | Lumber Camp |
| 16:42 | Create | Mangonel |
| 16:54 | Create | Spearman |
| 17:06 | Build | House |
| 17:09 | Build | House |
| 17:12 | Create | Villager (Male) |
| 17:12 | Create | Villager (Male) |
| 17:20 | Build | Farm |
| 17:53 | Create | Spearman |
| 18:29 | Build | Monastery |
| 18:47 | Create | Villager (Male) |
| 18:51 | Create | Villager (Male) |
| 19:12 | Research | Sanctity |
| 19:21 | Build | Monastery |
| 19:27 | Build | Farm |
| 19:52 | Create | Monk |
| 19:56 | Create | Spearman |
| 19:57 | Create | Spearman |
| 20:18 | Create | Monk |
| 20:19 | Create | Monk |
| 20:21 | Create | Monk |
| 20:42 | Build | House |
| 20:44 | Build | House |
| 21:00 | Build | Farm |
| 21:12 | Build | Siege Workshop |
| 21:40 | Research | Redemption |
| 22:57 | Create | Mangonel |
| 23:00 | Build | Siege Workshop |
| 23:16 | Create | Armored Elephant |
| 23:18 | Create | Monk |
| 23:41 | Create | Monk |
| 23:42 | Create | Monk |
| 23:55 | Create | Mangonel |
| 23:55 | Create | Mangonel |
| 24:30 | Build | House |
| 24:33 | Create | Armored Elephant |
Match timeline
| 6:23 | Shoskid · wall_segment Palisade Wall x3 |
| 6:56 | Shoskid · wall_segment Palisade Wall x7 |
| 6:57 | El_Ti_Rex · first_building Barracks |
| 7:15 | Shoskid · wall_segment Palisade Wall x8 |
| 7:25 | Shoskid · wall_segment Palisade Wall x1 |
| 7:27 | Shoskid · wall_segment Palisade Wall x1 |
| 7:28 | Shoskid · wall_segment Palisade Wall x1 |
| 7:28 | Shoskid · wall_segment Palisade Wall x1 |
| 7:29 | Shoskid · wall_segment Palisade Wall x1 |
| 7:31 | Shoskid · wall_segment Palisade Wall x1 |
| 7:32 | Shoskid · wall_segment Palisade Wall x1 |
| 7:33 | Shoskid · wall_segment Palisade Wall x1 |
| 7:34 | Shoskid · wall_segment Palisade Wall x1 |
| 8:05 | El_Ti_Rex · age_up feudal |
| 8:08 | El_Ti_Rex · first_building Stable |
| 8:11 | Shoskid · wall_segment Palisade Wall x5 |
| 8:20 | Shoskid · wall_segment Palisade Wall x9 |
| 9:21 | El_Ti_Rex · wall_segment Palisade Wall x1 |
| 10:38 | Shoskid · wall_segment Palisade Wall x1 |
| 10:54 | Shoskid · age_up feudal |
| 11:32 | Shoskid · first_building Barracks |
| 11:45 | Shoskid · wall_segment Palisade Wall x3 |
| 12:56 | Shoskid · first_market_buy 100 food |
| 15:38 | Shoskid · age_up castle |
| 15:48 | Shoskid · first_building Siege Workshop |
| 16:10 | Shoskid · wall_segment Palisade Wall x1 |
| 16:12 | Shoskid · wall_segment Palisade Wall x1 |
| 18:29 | Shoskid · first_building Monastery |
| 20:16 | El_Ti_Rex · first_building Archery Range |
| 21:08 | El_Ti_Rex · first_market_buy 100 wood |
| 21:21 | Shoskid · first_market_sell 500 wood |
| 21:47 | El_Ti_Rex · age_up castle |
| 22:07 | El_Ti_Rex · first_building Siege Workshop |
| 23:26 | El_Ti_Rex · first_market_sell 100 food |
| 25:30 | El_Ti_Rex · resign |
[ AI ANALYSIS · 1 CREDIT ]
What really happened in this match?
Wolo.gg analyzes every decision: build order, eco, micro, common mistakes by bracket. Personalized analysis on WhatsApp or Discord in 30 seconds.
Civ guide
Mongols
Perfil
Jugador #2135241